 Dungeon Crawl Stone Soup version 0.31-a0-408-gb642c7f9a3 (webtiles) character file.

Game seed: 6108256862659157613

1450 Shayle the Ruffian (level 8, -1/61 HPs)
             Began as a Gnoll Shapeshifter on July 29, 2023.
             Slain by Grinder (4 damage)
             ... while paralysed by Grinder
             ... on level 6 of the Dungeon.
             The game lasted 00:10:09 (5221 turns).

Shayle the Ruffian (Gnoll Shapeshifter)             Turns: 5221, Time: 00:10:09

Health: -1/61      AC:  2    Str: 15    XL:     8   Next: 75%
Magic:  13/13      EV:  2    Int: 10    God:
Gold:   280        SH:  0    Dex: 18    Spells: 14/14 levels left

rFire   . . .        d - +2 dagger (drain)
rCold   . . .        (no shield)
rNeg    . . .        a - +0 animal skin
rPois   .            (helmet currently unavailable)
rElec   .            (cloak currently unavailable)
rCorr   .            (gloves currently unavailable)
SInv    .            (boots currently unavailable)
Will    .....        w - amulet of the acrobat
Stlth   +++          e - +5 ring of evasion
HPRegen 0.30/turn    u - +6 ring of dexterity
MPRegen 0.13/turn

%: acrobat
@: paralysed, beast-form
A: beast (slay +5), fangs 1, strong nose, distributed training
a: Begin Untransformation


You were on level 6 of the Dungeon.
You were a hulking beast.
You visited 1 branch of the dungeon, and saw 6 of its levels.

You collected 306 gold pieces.
You spent 26 gold pieces at shops.

Inventory:

Hand Weapons
 d - a +2 dagger of draining (weapon)
Missiles
 f - 4 javelins (quivered)
Armour
 a - a +0 animal skin (worn)
 j - a +0 pair of gloves
 o - a +0 pair of boots
 s - a +0 ring mail
Jewellery
 e - a +5 ring of evasion (left hand)
 k - a ring of fire
 l - the ring of Gikimuz {Ice rElec rPois Str+5 Int-2}
   (You found it on level 3 of the Dungeon)

   [ring of ice]

   It enhances your ice magic.
   Str:       It affects your strength (+5).
   Int:       It affects your intelligence (-2).
   rF:        It makes you vulnerable to fire.
   rC:        It protects you from cold.
   rElec:     It insulates you from electricity.
   rPois:     It protects you from poison.
 u - a +6 ring of dexterity (right hand)
 w - an amulet of the acrobat (around neck)
Talismans
 c - a beast talisman
Scrolls
 h - a scroll of silence
 m - a scroll of teleportation
 n - a scroll of blinking
 p - 3 scrolls of revelation
Potions
 b - 2 potions of lignification
 i - a potion of cancellation
 q - a potion of brilliance
 r - 2 potions of curing
 t - a potion of heal wounds
 v - a potion of attraction


   Skills:
 + Level 4.5 Fighting
 + Level 3.6 Short Blades
 + Level 3.6 Long Blades
 + Level 3.6 Axes
 + Level 3.6 Maces & Flails
 + Level 3.6 Polearms
 + Level 3.6 Staves
 + Level 3.6 Ranged Weapons
 + Level 3.6 Throwing
 + Level 3.6 Armour
 + Level 5.9 Dodging
 + Level 3.6 Stealth
 + Level 3.6 Shields
 + Level 7.5 Unarmed Combat
 + Level 3.6 Spellcasting
 + Level 3.0 Conjurations
 + Level 3.0 Hexes
 + Level 3.0 Summonings
 + Level 3.0 Necromancy
 + Level 3.0 Translocations
 + Level 3.0 Transmutations
 + Level 3.0 Fire Magic
 + Level 3.0 Ice Magic
 + Level 3.0 Air Magic
 + Level 3.0 Earth Magic
 + Level 3.0 Poison Magic
 + Level 4.0 Invocations
 + Level 3.6 Evocations
 + Level 7.2 Shapeshifting


You had 14 spell levels left.
You didn't know any spells.
Your spell library was empty.

Dungeon Overview and Level Annotations

Branches:
Dungeon (6/15)
 Temple: D:4-7

Altars:
Xom

Shops:
D:1 !(

Annotations:
D:5 2 transporters, XomNomNom's ghost, weakling DjDe
D:6 Grinder


Innate Abilities, Weirdness & Mutations

You are a hulking beast.
Your limbs bulge with bestial killing power. (Slay +5)
You have very sharp teeth.
Your uncanny sense of smell can sniff out nearby items.
Your experience applies equally to all skills.


Message History

Grinder closely misses you.
You closely miss Grinder.
Grinder is severely wounded.
Grinder gestures at you. Pain shoots through your body!
You barely miss Grinder.
Grinder is severely wounded.
Grinder barely misses you.
You hit Grinder.
Grinder is severely wounded.
You hit Grinder. You punch Grinder.
Grinder is almost dead.
Grinder hits you!
You writhe in agony.
You barely miss Grinder.
Grinder is almost dead.
Grinder hits you.
You writhe in agony.
You barely miss Grinder.
Grinder is almost dead.
Grinder closely misses you.
You hit Grinder.
Grinder is almost dead.
Grinder blinks!
Unknown command.
You hit Grinder.
Grinder is almost dead.
Grinder gestures at you.
You suddenly lose the ability to move!
Grinder hits you!
* * * LOW HITPOINT WARNING * * *
You writhe in agony.
* * * LOW HITPOINT WARNING * * *
Grinder gestures at you. Pain shoots through your body!
* * * LOW HITPOINT WARNING * * *
Grinder says, "Mostly I couldn't keep them alive."
Grinder hits you but does no damage. Grinder hits you!
* * * LOW HITPOINT WARNING * * *
Grinder hits you.
You die...

#....!....##
#.......$..#.
.###.........#.##
................##
...#.............#
..(......(........
.....$....(.....#
................#
........h5..#.#
.......#.<..#
.......##..###
.......#...#.##
..##......)...## .
##..........#
#..........##
#...........#
....#...###.##


You could see Grinder.

Vanquished Creatures
  Sigmund (D:3)
  Eustachio (D:6)
  3 black bears
  An ogre (D:5)
  A phantom (D:4)
  2 scorpions
  2 hounds
  2 orc priests
  2 iguanas (D:5)
  Terence (D:3)
  A sleepcap (D:4)
  Natasha (thrice) (D:3)
  An orc wizard (D:4)
  4 gnolls
  7 adders
  A white imp (D:4)
  2 ufetubi
  A worm (D:4)
  5 dart slugs
  26 orcs
  14 endoplasms
  4 giant cockroaches
  11 goblins
  8 hobgoblins
  4 jackals (D:4)
  5 kobolds
  3 quokkas
  6 ball pythons
  9 bats
  5 frilled lizards
  6 rats
142 creatures vanquished.

Notes
Turn   | Place    | Note
-------+----------+-------------------------------------------
     0 | D:1      | Shayle the Gnoll Shapeshifter began the quest for the Orb.
     0 | D:1      | Reached XP level 1. HP: 17/17 MP: 1/1
    34 | D:1      | Reached XP level 2. HP: 15/23 MP: 2/2
   162 | D:1      | Reached XP level 3. HP: 26/28 MP: 3/3
   497 | D:1      | Found Tubiys's Distillery.
   500 | D:1      | Bought 2 potions of degeneration for 26 gold pieces
   535 | D:1      | Reached skill level 1 in Invocations
   570 | D:1      | Found Juto's Weapon Shop.
   850 | D:2      | Reached skill level 1 in Short Blades
   850 | D:2      | Reached skill level 1 in Long Blades
   850 | D:2      | Reached skill level 1 in Axes
   850 | D:2      | Reached skill level 1 in Maces & Flails
   850 | D:2      | Reached skill level 1 in Polearms
   850 | D:2      | Reached skill level 1 in Staves
   850 | D:2      | Reached skill level 1 in Ranged Weapons
   850 | D:2      | Reached skill level 1 in Throwing
   850 | D:2      | Reached skill level 1 in Armour
   850 | D:2      | Reached skill level 1 in Stealth
   850 | D:2      | Reached skill level 1 in Shields
   850 | D:2      | Reached skill level 1 in Spellcasting
   850 | D:2      | Reached skill level 1 in Evocations
   941 | D:2      | Reached XP level 4. HP: 31/34 MP: 5/5
  1013 | D:2      | Found a faded altar of an unknown god.
  1364 | D:4      | Noticed a phantom
  1375 | D:3      | Reached skill level 1 in Conjurations
  1375 | D:3      | Reached skill level 1 in Hexes
  1375 | D:3      | Reached skill level 1 in Summonings
  1375 | D:3      | Reached skill level 1 in Necromancy
  1375 | D:3      | Reached skill level 1 in Translocations
  1375 | D:3      | Reached skill level 1 in Transmutations
  1375 | D:3      | Reached skill level 1 in Fire Magic
  1375 | D:3      | Reached skill level 1 in Ice Magic
  1375 | D:3      | Reached skill level 1 in Air Magic
  1375 | D:3      | Reached skill level 1 in Earth Magic
  1375 | D:3      | Reached skill level 1 in Poison Magic
  1501 | D:3      | Identified the ring of Gikimuz {Ice rElec rPois Str+5
                  | Int-2}
  1529 | D:3      | Reached XP level 5. HP: 35/40 MP: 6/6
  1908 | D:3      | Noticed Sigmund
  1915 | D:3      | Killed Sigmund
  1916 | D:3      | Reached skill level 5 in Dodging
  1916 | D:3      | Reached XP level 6. HP: 44/47 MP: 7/9
  2128 | D:3      | Found a shimmering altar of Xom.
  2213 | D:3      | Noticed Natasha
  2216 | D:3      | Noticed Terence
  2260 | D:3      | HP: 2/47 [gnoll/+0 spear (3)]
  2481 | D:3      | Killed Terence
  2533 | D:3      | Killed Natasha
  2853 | D:3      | Noticed Natasha
  2862 | D:3      | Killed Natasha
  2863 | D:3      | Reached XP level 7. HP: 30/52 MP: 10/10
  2914 | D:3      | Noticed Natasha
  2922 | D:3      | Killed Natasha
  3764 | D:4      | Reached XP level 8. HP: 47/60 MP: 12/12
  4094 | D:5      | Entered Level 5 of the Dungeon
  4145 | D:5      | Found a transporter.
  4151 | D:5      | Noticed XomNomNom's ghost (weakling DjDe)
  4168 | D:5      | Found a transporter.
  5157 | D:6      | Noticed Eustachio
  5165 | D:6      | Killed Eustachio
  5190 | D:6      | Noticed Grinder
  5216 | D:6      | Paralysed by Grinder for 5 turns
  5220 | D:6      | HP: 3/61 [Grinder (8)]
  5221 | D:6      | Slain by Grinder

Illustrated notes

Levels and vault maps discovered:
D:1:      ldierk_walled_garden_2, layout_basic, serial_shops,
          nicolae_shop_real_fake_doors, shop
D:2:      layout_rooms, basic_ecumenical_altar, minmay_misc_feat_nine_boxes
D:3:      layout_loops_corners, mainiacjoe_overflow_chevrons, uniq_sigmund,
          uniq_natasha, uniq_terence
D:4:      cheibrodos_barr_body, layout_cave_pods, nicolae_elevator_lobby_plus
D:5:      layout_loops_corners, gammafunk_ghost_stat_death
D:6:      layout_cave_pools, lemuel_temple_firewalk_b, serial_park_tiny_1,
          glass_columns_a, uniq_eustachio, uniq_grinder

Skill      XL: |  1  2  3  4  5  6  7  8 |
---------------+-------------------------+-----
Invocations    | 1 2 3 4 |  4.0
Short Blades   | 1 2 3 |  3.6
Long Blades    | 1 2 3 |  3.6
Axes           | 1 2 3 |  3.6
Maces & Flails | 1 2 3 |  3.6
Polearms       | 1 2 3 |  3.6
Staves         | 1 2 3 |  3.6
Ranged Weapons | 1 2 3 |  3.6
Throwing       | 1 2 3 |  3.6
Armour         | 1 2 3 |  3.6
Stealth        | 1 2 3 |  3.6
Shields        | 1 2 3 |  3.6
Spellcasting   | 1 2 3 |  3.6
Evocations     | 1 2 3 |  3.6
Conjurations   | 1 2 3 |  3.0
Hexes          | 1 2 3 |  3.0
Summonings     | 1 2 3 |  3.0
Necromancy     | 1 2 3 |  3.0
Translocations | 1 2 3 |  3.0
Transmutations | 1 2 3 |  3.0
Fire Magic     | 1 2 3 |  3.0
Ice Magic      | 1 2 3 |  3.0
Air Magic      | 1 2 3 |  3.0
Earth Magic    | 1 2 3 |  3.0
Poison Magic   | 1 2 3 |  3.0
Fighting       | 3 4 |  4.5
Dodging        | 5 |  5.9
Unarmed Combat | 7 |  7.5
Shapeshifting  | 7 |  7.2

Action                     |  1- 3 |  4- 6 |  7- 9 || total
---------------------------+-------+-------+-------++-------
  Melee: Unarmed           |    15 |       |       ||    15
         Bite              |     5 |     6 |    25 ||    36
         Dagger            |    60 |    97 |   190 ||   347
         Punch             |       |     2 |    10 ||    12
  Throw: Javelin           |       |     5 |     2 ||     7
    Use: Potion            |       |     3 |       ||     3
         Scroll            |       |       |     7 ||     7
   Stab: Sleeping          |       |     1 |     3 ||     4
 Armour: Animal skin       |    15 |    20 |    18 ||    53
  Dodge: Dodged            |    59 |    73 |   114 ||   246

Table legend: (Time is in decaauts)
 A = Elapsed time spent in this place.
 B = Non-inter-level travel time spent in this place.
 C = Inter-level travel time spent in this place.
 D = Time resting spent in this place.
 E = Time spent auto-exploring this place.
 F = Levels seen in this place.
 G = Mean time per level.
                   A        B        C        D        E       F      G
               +--------+--------+--------+--------+--------+-----+--------+
         Total |   5204 |   5051 |    153 |    648 |   3307 |   6 |  867.3 |
       Dungeon |   5204 |   5051 |    153 |    648 |   3307 |   6 |  867.3 |
               +--------+--------+--------+--------+--------+-----+--------+

Top non-repeatable levels by time:
     D:3: 1409 daAuts
     D:4: 1363 daAuts
     D:5: 862 daAuts
     D:1: 832 daAuts
     D:2: 678 daAuts
     D:6: 59 daAuts
